 Dungeon Crawl Stone Soup version 0.19.1-1-g22dce08 (webtiles) character file.

35 ponk the Caller (level 3, -1/24 HPs)
             Began as a Mummy Summoner on Jan 13, 2017.
             Slain by a hobgoblin (4 damage)
             ... on level 2 of the Dungeon.
             The game lasted 00:07:31 (1543 turns).

ponk the Caller (Mummy Summoner)                    Turns: 1543, Time: 00:07:32

Health: -1/24      AC:  4    Str: 11    XL:     3   Next: 17%
Magic:  1/6        EV: 12    Int: 15    God:
Gold:   82         SH:  0    Dex: 12    Spells: 2 memorised, 3 levels left

rFire  x . .     SeeInvis .     f - +0 spear
rCold  + . .     Gourm    .     a - +0 robe
rNeg   + + +     Faith    .     (no shield)
rPois  ∞         Spirit   .     e - +0 helmet
rElec  .         Reflect  .     (no cloak)
rCorr  .         Harm     .     (no gloves)
MR     .....                    g - +0 pair of boots
Stlth  ++........               (no amulet)
                                (no ring)
                                (no ring)

@: no status effects
A: no food or potions, fire vulnerability, cold resistance 1, negative energy
resistance 3, torment resistance, unbreathing
a: no special abilities


You were on level 2 of the Dungeon.
You were not hungry.

You visited 1 branch of the dungeon, and saw 2 of its levels.

You collected 82 gold pieces.

Inventory:

Hand Weapons
 f - a +0 spear (weapon)
Armour
 a - a +0 robe (worn)
 e - a +0 helmet (worn)
 g - a +0 pair of boots (worn)
 i - a +0 hat
Jewellery
 k - an uncursed ring of positive energy {unknown}
 m - an uncursed amulet of guardian spirit {unknown}
Scrolls
 c - a scroll of remove curse {unknown}
 d - 2 scrolls of enchant armour {unknown}
 h - a scroll of recharging {unknown}
 j - a scroll of blinking {unknown}
 l - a scroll of random uselessness {unknown}
Books
 b - a book of Callings

   Spells                             Type                      Level
   a - Summon Small Mammal            Summoning                    1
   b - Call Imp                       Summoning                    2
   c - Call Canine Familiar           Summoning                    3
   d - Summon Guardian Golem          Hexes/Summoning              3
   e - Summon Lightning Spire         Summoning/Air                4
   f - Summon Ice Beast               Ice/Summoning                4


   Skills:
 - Level 1.7 Dodging
 - Level 1.6 Stealth
 - Level 2.0 Spellcasting
 + Level 4.0 Summonings


You had 3 spell levels left.
You knew the following spells:

 Your Spells              Type           Power        Failure   Level  Hunger
a - Summon Small Mammal   Summ           ##..         4%          1    N/A
b - Call Imp              Summ           ##......     8%          2    N/A

Dungeon Overview and Level Annotations

Branches:
Dungeon (2/15)

Altars:
Cheibriados
Fedhas
Yredelemnul

Annotations:
D:2 Jessica


Innate Abilities, Weirdness & Mutations

You do not eat or drink.
Your flesh is vulnerable to fire.
You are immune to poison.
Your flesh is cold resistant. (rC+)
You are immune to negative energy. (rN+++)
You are immune to unholy pain and torment.
You can survive without breathing.


Message History

Orders for allies: a - Attack new target. p - Attack previous target. r - Retreat! s - Stop attacking. g - Guard the area. f - Follow me.
Anything else - Cancel.
Gang up on whom?
Press: ? - help, Dir - move target cursor, f/p - Jessica
Aim: Jessica, wielding a club and wearing a robe (fast) Attack!
Your iron imp closely misses Jessica.
Jessica hits your iron imp but does no damage.
The hobgoblin hits your iron imp.
Jessica gestures wildly while chanting.
Jessica blinks!
You hit the hobgoblin.
The hobgoblin is lightly wounded.
The hobgoblin closely misses you.
You barely miss the hobgoblin.
The hobgoblin is lightly wounded.
Jessica mumbles some strange words.
Jessica blinks!
The hobgoblin hits you.
You die...

#......##..##..##...
####♣♣.♣ #...#.... ♣..♣
#.#.#....
♣.♣♣♣#...#..)...
♣.♣.♣#...#..).##
♣P.P♣#.#......##
♣♣P.♣........##.
########♣♣♣.♣.......####
.......@♣♣.P♣[#..#.##.#.
#.......g.♣.♣♣##.####_.'.
#...<....@#.#.##.##.##.#.
#.......5##......##..####
#.......§##.##.#####..##.
#.......5...##.# ##.###
#........#.....# #.# #
#..........##### #.#
#.>......### #.##


You could see Jessica, a hobgoblin, a friendly iron imp and a friendly crimson
imp.

Vanquished Creatures
  A goblin (D:1)
  2 bats (D:1)
3 creatures vanquished.

Vanquished Creatures (collateral kills)
  2 adders (D:2)
  An ooze (D:1)
  A dart slug (D:1)
  3 bats
  3 giant cockroaches
  4 goblins
  5 hobgoblins
  2 jackals (D:1)
  A quokka (D:2)
  3 frilled lizards
  3 kobolds
  2 rats (D:1)
30 creatures vanquished.

Grand Total: 33 creatures vanquished

Notes
Turn   | Place    | Note
-------+----------+-------------------------------------------
     0 | D:1      | ponk the Mummy Summoner began the quest for the Orb.
     0 | D:1      | Reached XP level 1. HP: 13/13 MP: 3/3
   432 | D:1      | Reached XP level 2. HP: 19/19 MP: 0/5
   436 | D:1      | Learned a level 2 spell: Call Imp
  1171 | D:2      | Reached skill level 4 in Summonings
  1187 | D:2      | Reached XP level 3. HP: 21/24 MP: 1/6
  1378 | D:2      | Found a blossoming altar of Fedhas.
  1381 | D:2      | Found a snail-covered altar of Cheibriados.
  1384 | D:2      | Found a basalt altar of Yredelemnul.
  1514 | D:2      | Noticed Jessica
  1543 | D:2      | Slain by a hobgoblin

Skill      XL: |  1  2 |
---------------+-------+-----
Summonings     | 4 |  4.0
Dodging        | |  1.7
Stealth        | |  1.6
Spellcasting   | |  2.0

Action                   || total
-------------------------++-------
Melee: Unarmed           ||     3
       Spear             ||    11
 Cast: Summon Small Mamm ||    14
       Call Imp          ||    27
Armor: Robe              ||    23
Dodge: Dodged            ||    52
